 Seeded DCSS version 0.31-a0-1529-g7bd419a0e5 (webtiles) character file.

Game seed: 16090307882996012164 (custom seed)

1076 thriggle the Trooper (level 8, -4/63 HPs)
             Began as a Barachi Fighter on Dec 31, 2023.
             Was a Believer of Makhleb.
             Slain by Edmund
             ... wielding a +1 flail of protection
              (5 damage)
             ... on level 6 of the Dungeon.
             The game lasted 00:12:49 (4156 turns).

thriggle the Trooper (Barachi Fighter)              Turns: 4156, Time: 00:12:51

Health: -4/63      AC: 14    Str: 23    XL:     8   Next: 29%
Magic:  0/9        EV: 10    Int:  7    God:    Makhleb [**....]
Gold:   102        SH:  5    Dex: 12    Spells: 7/7 levels left

rFire   . . .        a - +0 trident
rCold   . . .        c - +0 buckler
rNeg    . . .        b - +0 scale mail
rPois   .            (no helmet)
rElec   .            (no cloak)
rCorr   .            (no gloves)
SInv    .            l - +2 pair of boots
Will    .....        u - amulet of guardian spirit
Stlth   +            m - +4 ring of protection
HPRegen 0.30/turn    (no ring)
MPRegen 0.11/turn

%: guardian spirit
@: slow
A: amphibious, slowness 1, strong legs 1, +LOS, strong 1
a: Hop, Renounce Religion, Minor Destruction


You were on level 6 of the Dungeon.
You worshipped Makhleb.
Makhleb was pleased with you.
You visited 1 branch of the dungeon, and saw 6 of its levels.

You collected 223 gold pieces.
You spent 121 gold pieces at shops.

Inventory:

Hand Weapons
 a - a +0 trident (weapon)
Missiles
 e - 4 atropa-tipped darts
 h - 44 stones
 o - 3 curare-tipped darts
 q - 3 boomerangs
 r - a poisoned dart (quivered)
Armour
 b - a +0 scale mail (worn)
 c - a +0 buckler (worn)
 l - a +2 pair of boots (worn)
Jewellery
 f - a ring of wizardry
 m - a +4 ring of protection (left hand)
 u - an amulet of guardian spirit (around neck)
 A - a +6 ring of intelligence
Scrolls
 k - a scroll of enchant armour
 s - a scroll of enchant weapon
 v - 2 scrolls of revelation
 x - 2 scrolls of immolation
 y - a scroll of identify
 z - a scroll of fog {unknown}
 B - a scroll of teleportation {unknown}
Potions
 d - 2 potions of might
 g - a potion of berserk rage
 i - 3 potions of haste
 j - 3 potions of attraction
 p - a potion of enlightenment
 t - a potion of invisibility
 w - 3 potions of brilliance {unknown}
 C - 2 potions of curing


   Skills:
 + Level 5.4 Fighting
 * Level 4.6 Polearms
 + Level 3.0 Throwing
 + Level 5.3 Armour
 + Level 3.1 Dodging
 + Level 2.6 Stealth
 + Level 5.0 Shields
 + Level 2.1 Invocations


You had 7 spell levels left.
You didn't know any spells.
Your spell library contained the following spells:

 Spells                   Type           Power      Damage    Failure   Level
 Scorch                   Fire           0%         2d5       90%         2
 Flame Wave               Conj/Fire      0%         2d4       100%        4
 Summon Cactus Giant      Summ           0%         N/A       100%        6


Dungeon Overview and Level Annotations

Branches:
Dungeon (6/15)             Temple (0/1) D:4

Altars:
Makhleb
Vehumet
Wu Jian
Xom

Shops:
D:2 =   D:4 !

Annotations:
D:6 Edmund


Innate Abilities, Weirdness & Mutations

You are amphibious.
You cover ground slowly.
You can hop short distances.
You have an extended range of vision and can be seen from far away.
Your muscles are strong. (Str +4, Int/Dex -1)


Message History

The steam dragon barely misses you. Edmund closely misses you.
You feel much better.
The steam dragon bites you but does no damage.
You block the steam dragon's attack.
Edmund hits you with a +1 flail of protection.
You hit the steam dragon but do no damage.
The steam dragon is severely wounded.
The steam dragon bites you but does no damage.
The steam dragon claws you but does no damage.
You block Edmund's attack. The steam dragon breathes steam at you.
The ball of steam hits you!
You closely miss the steam dragon.
The steam dragon is severely wounded.
You are engulfed in a cloud of scalding steam.
The steam dragon breathes steam at you. The ball of steam misses you.
You block Edmund's attack.
The steam dragon bites you but does no damage.
The steam dragon claws you but does no damage.
You block Edmund's attack.
You closely miss the steam dragon.
The steam dragon is severely wounded.
The steam dragon bites you but does no damage.
The steam dragon claws you but does no damage.
Edmund hits you with a +1 flail of protection.
You hit the steam dragon.
The steam dragon is almost dead.
The steam dragon barely misses you.
The steam dragon claws you but does no damage.
Edmund hits you with a +1 flail of protection!
* * * LOW HITPOINT WARNING * * *
You closely miss the steam dragon.
The steam dragon is almost dead.
You are engulfed in a cloud of scalding steam.
The steam dragon breathes steam at you. The ball of steam hits you!
* * * LOW HITPOINT WARNING * * *
Edmund hits you with a +1 flail of protection.
You die...
Edmund whines, "They better pay attention to me now!"

##...##. #..# #......
#..) #..... #... ###
#...# #..#
##..##...##########..#
#.§§....(.........#...
#.................#...
#.....@(..........#...
#..§§@D††.........'...
#........>........#...
##.......####...###...
######### ###+# ####
###+### ##.....###


You could see Edmund and a steam dragon (catching breath).

Vanquished Creatures
  An ice beast (D:4)
  2 ogres
  A centaur (D:5)
  A phantom (D:5)
  3 scorpions
  2 howler monkeys
  3 hounds (D:5)
  A sleepcap (D:5)
  A gnoll bouda (D:4)
  2 iguanas
  5 gnolls (D:4)
  7 adders
  11 dart slugs (D:4)
  3 ribbon worms
  An orc (D:2)
  7 ball pythons
  6 bats
  6 endoplasms
  3 giant cockroaches
  9 hobgoblins
  6 jackals (D:1)
  3 quokkas
  5 frilled lizards
  4 goblins
  9 kobolds
  3 rats
105 creatures vanquished.

Notes
Turn   | Place    | Note
-------+----------+-------------------------------------------
     0 | D:1      | thriggle the Barachi Fighter began the quest for the Orb.
     0 | D:1      | Reached XP level 1. HP: 18/18 MP: 1/1
   114 | D:1      | Reached XP level 2. HP: 23/25 MP: 2/2
   226 | D:1      | Reached XP level 3. HP: 29/30 MP: 3/3
   392 | D:1      | Reached skill level 1 in Throwing
   576 | D:2      | Reached XP level 4. HP: 37/37 MP: 4/4
   699 | D:2      | Found a radiant altar of Vehumet.
   923 | D:2      | Found a faded altar of an unknown god.
   930 | D:2      | Prayed at the altar of an unknown god.
   930 | D:2      | Became a worshipper of Makhleb the Destroyer
   930 | D:2      | Reached * piety under Makhleb
   950 | D:2      | Found Xusyledi's Jewellery Emporium.
  1204 | D:3      | Gained mutation: You are clumsy. (Dex -2) [potion of
                  | mutation]
  1204 | D:3      | Gained mutation: You have a pair of small horns on your
                  | head. [potion of mutation]
  1204 | D:3      | Gained mutation: You are covered in fur. (AC +1) [potion of
                  | mutation]
  1205 | D:3      | Lost mutation: You have a pair of small horns on your head.
                  | [potion of mutation]
  1205 | D:3      | Lost mutation: You are clumsy. (Dex -2) [potion of
                  | mutation]
  1205 | D:3      | Lost mutation: You are covered in fur. (AC +1) [potion of
                  | mutation]
  1205 | D:3      | Gained mutation: Your muscles are strong. (Str +4, Int/Dex
                  | -1) [potion of mutation]
  1903 | D:3      | Reached skill level 1 in Dodging
  2032 | D:4      | Noticed an ogre
  2032 | D:4      | Found Baunaude's Distillery.
  2040 | D:4      | Killed an ogre
  2041 | D:4      | Reached skill level 1 in Stealth
  2041 | D:4      | Reached XP level 5. HP: 43/43 MP: 5/5
  2072 | D:4      | Bought a potion of curing for 33 gold pieces
  2072 | D:4      | Bought a potion of invisibility for 88 gold pieces
  2102 | D:4      | Noticed an ice beast
  2119 | D:4      | Killed an ice beast
  2120 | D:4      | Reached XP level 6. HP: 18/49 MP: 6/6
  2242 | D:4      | Reached ** piety under Makhleb
  2406 | D:4      | Reached skill level 1 in Invocations
  2476 | D:4      | Found a staircase to the Ecumenical Temple.
  2582 | D:4      | Reached XP level 7. HP: 28/55 MP: 5/7
  3062 | D:4      | Found a shimmering altar of Xom.
  3063 | D:4      | Found an ornate altar of the Wu Jian Council.
  3210 | D:5      | Entered Level 5 of the Dungeon
  3577 | D:5      | Reached skill level 5 in Fighting
  3600 | D:5      | Reached skill level 5 in Armour
  4103 | D:6      | Reached XP level 8. HP: 62/62 MP: 9/9
  4130 | D:6      | Noticed Edmund
  4137 | D:6      | Reached skill level 5 in Shields
  4156 | D:6      | HP: 1/63 [steam dragon/ball of steam (12)]
  4156 | D:6      | Slain by Edmund

Illustrated notes

Levels and vault maps discovered:
D:1:      minmay_arrival_arboretum_small, layout_rooms
D:2:      wander_river, layout_basic, shapermc_ecumenical_altar_mp_highgroup,
          serial_shops, nicolae_shop_gaudy_bauble, basic_altar,
          grunt_ministairs_3
D:3:      layout_loops_corners, serial_bayou_lagoon_b
D:4:      kennysheep_slugbush, layout_basic, nicolae_overflow_two_pavilions,
          minmay_temple_entry_butterflies, nicolae_stop_n_shop_1
D:5:      layout_loops_ring, minmay_hedge_maze
D:6:      layout_gridville, nicolae_qazlal_scattered_showers, uniq_duvessa,
          uniq_eustachio, uniq_blork_the_orc, uniq_edmund

Skill      XL: |  1  2  3  4  5  6  7  8 |
---------------+-------------------------+-----
Armour         | 4 5 |  5.3
Fighting       | 4 5 |  5.4
Throwing       | 1 2 3 |  3.0
Dodging        | 1 2 3 |  3.1
Polearms       | 3 4 |  4.6
Stealth        | 1 2 |  2.6
Shields        | 4 5 |  5.0
Invocations    | 1 2 |  2.1

Action                     |  1- 3 |  4- 6 |  7- 9 || total
---------------------------+-------+-------+-------++-------
  Melee: Trident           |   107 |   191 |   196 ||   494
  Throw: Dart              |       |     7 |     5 ||    12
         Boomerang         |       |     1 |       ||     1
         Stone             |       |     8 |     5 ||    13
Ability: Hop               |       |     1 |       ||     1
    Use: Scroll            |     1 |     8 |     1 ||    10
         Potion            |       |     4 |     2 ||     6
 Armour: Scale mail        |    87 |    96 |   108 ||   291
  Dodge: Dodged            |    73 |    66 |    61 ||   200
  Block: Buckler           |    38 |    36 |    39 ||   113

Table legend: (Time is in decaauts)
 A = Elapsed time spent in this place.
 B = Non-inter-level travel time spent in this place.
 C = Inter-level travel time spent in this place.
 D = Time resting spent in this place.
 E = Time spent auto-exploring this place.
 F = Levels seen in this place.
 G = Mean time per level.
                   A        B        C        D        E       F      G
               +--------+--------+--------+--------+--------+-----+--------+
         Total |   4867 |   4717 |    150 |    163 |   3141 |   6 |  811.2 |
       Dungeon |   4867 |   4717 |    150 |    163 |   3141 |   6 |  811.2 |
               +--------+--------+--------+--------+--------+-----+--------+

Top non-repeatable levels by time:
     D:4: 1394 daAuts
     D:3: 990 daAuts
     D:5: 982 daAuts
     D:2: 796 daAuts
     D:1: 619 daAuts
     D:6: 84 daAuts
